 Dungeon Crawl Stone Soup version 0.21-a0-2-ge494091 (webtiles) character file.

464 Eptagon the Sneak (level 7, -3/41 HPs)
             Began as an Octopode Enchanter on May 21, 2017.
             Killed from afar by an orc wizard (5 damage)
             ... with a magic dart
             ... on level 4 of the Dungeon.
             The game lasted 00:09:31 (3722 turns).

Eptagon the Sneak (Octopode Enchanter)              Turns: 3722, Time: 00:09:31

Health: -3/41      AC:  4    Str:  6 (8)  XL:     7   Next: 7%
Magic:  12/12      EV: 13    Int: 16 (18) God:
Gold:   204        SH:  0    Dex: 10 (13) Spells: 4/13 levels left

rFire    . . .     SeeInvis .   a - +1 dagger
rCold    + . .     Gourm    .   (no shield)
rNeg     . . .     Faith    .   x - +1 hat
rPois    .         Spirit   .   (no amulet)
rElec    .         Reflect  .   n - ring of flight
rCorr    .         Harm     .   w - ring of wizardry
MR       .....                  (no ring)
Stlth    ++++......             (no ring)
Regen    0.2/turn               (no ring)
MPRegen  0.2/turn               (no ring)
                                (no ring)
                                (no ring)

@: hasted, very quick
A: almost no armour, stealthy swim, amphibious, 8 rings, constrict 8, yellow
scales 1, camouflage 1, cold resistance 1, wild magic 1, gelatinous body 1
a: Evoke Flight


You were on level 4 of the Dungeon.
You were not hungry.

You visited 1 branch of the dungeon, and saw 4 of its levels.

You collected 204 gold pieces.

Inventory:

Hand Weapons
 a - a +1 dagger (weapon)
 b - a +4 short sword of protection
Armour
 x - a +1 hat (worn)
Jewellery
 n - a ring of flight (left tentacle)
 w - a ring of wizardry (right tentacle)
Wands
 d - a wand of digging (11/24)
Scrolls
 i - 3 scrolls of teleportation {unknown}
 k - a scroll of fear {unknown}
 l - 2 scrolls of remove curse {unknown}
 o - 3 scrolls of amnesia {unknown}
 p - a scroll of fog {unknown}
 q - a scroll of enchant weapon {unknown}
 r - a scroll of recharging {unknown}
 t - a scroll of enchant armour {unknown}
Potions
 e - a potion of might
 g - a potion of brilliance
 m - a potion of mutation
Books
 v - a book of Maledictions

   Spells                             Type                      Level
   a - Corona                         Hexes                        1
   b - Ensorcelled Hibernation        Hexes/Ice                    2
   c - Confuse                        Hexes                        3
   d - Tukima's Dance                 Hexes                        3
   e - Dazzling Spray                 Conjuration/Hexes            3
Comestibles
 c - 3 bread rations
 f - 4 fruits
 h - a meat ration
 s - a royal jelly


   Skills:
 - Level 1.0 Short Blades
 - Level 2.0 Dodging
 + Level 6.5 Stealth
 + Level 3.8 Spellcasting
 * Level 5.8 Hexes


You had 4 spell levels left.
You knew the following spells:

 Your Spells              Type           Power        Failure   Level  Hunger
a - Corona                Hex            ####...      1%          1    None
b - Ensorcelled Hibernat  Hex/Ice        ###...       4%          2    ##.....
c - Confuse               Hex            ####....     3%          3    ###....
s - Dazzling Spray        Conj/Hex       ###...       9%          3    ###....


Dungeon Overview and Level Annotations

Branches:
Dungeon (4/15)
 Temple: D:4-7

Altars:
Sif Muna


Innate Abilities, Weirdness & Mutations

You cannot wear most types of armour.
You are very stealthy in the water. (Stealth+)
You are amphibious.
You can wear up to eight rings at the same time.
You can use your tentacles to constrict eight enemies at once.
Your skin changes colour to match your surroundings (Stealth+).
Your rubbery body absorbs attacks. (AC +1, EV +1)
You are partially covered in yellow scales. (AC +2)
Your flesh is cold resistant. (rC+)
Your spells are a little harder to cast, but a little more powerful.


Message History

The orc wizard points at you and mumbles some strange words.
The magic dart hits you!
* * * LOW HITPOINT WARNING * * *
It was a potion of haste.
You feel yourself speed up.
You constrict the orc wizard. The orc wizard hits you with a dagger.
* * * LOW HITPOINT WARNING * * *
You hit the orc wizard.
The orc wizard is severely wounded.
You constrict the orc wizard. The orc wizard closely misses you.
You hit the orc wizard.
The orc wizard is severely wounded.
You constrict the orc wizard.
The orc wizard mumbles some strange words.
The orc wizard struggles to blink free from constriction.
You hit the orc wizard but do no damage.
The orc wizard is almost dead.
You constrict the orc wizard.
The orc wizard gestures at you while chanting.
The magic dart hits you!
You die...

# .. ######.##
######.......##
#.............#
#)#.##.#####..#
#@#.##.##.....#
#o#.##.##>##..#
..#.##.##.##..#
####>##........#
.# #w#####.###.#
# .#
#.#####.###.# .#
#...........##
.#
#######.##<..##
.# .[...#.....##


You could see an orc wizard.

Vanquished Creatures
  A centaur (D:4)
  A scorpion (D:4)
  The ghost of morbho the Poker, a weakling MfSk of the Shining One (D:3)
  An orc priest (D:3)
  Ijyb (D:4)
  2 orc wizards (D:4)
  A killer bee zombie (D:4)
  3 gnolls (D:3)
  A howler monkey skeleton (D:4)
  4 adders
  An adder skeleton (D:3)
  A worm (D:2)
  2 dart slugs (D:1)
  A leopard gecko (D:2)
  10 orcs
  4 ball pythons
  2 giant cockroaches (D:3)
  10 goblins
  4 hobgoblins
  4 jackals (D:4)
  15 kobolds
  2 quokkas (D:2)
  7 bats
  2 frilled lizards
  A leopard gecko skeleton (D:4)
  5 rats
87 creatures vanquished.

Notes
Turn   | Place    | Note
-------+----------+-------------------------------------------
     0 | D:1      | Eptagon the Octopode Enchanter began the quest for the Orb.
     0 | D:1      | Reached XP level 1. HP: 11/11 MP: 3/3
   253 | D:1      | Reached XP level 2. HP: 17/17 MP: 5/5
   424 | D:1      | Learned a level 2 spell: Ensorcelled Hibernation
   613 | D:1      | Reached XP level 3. HP: 20/21 MP: 6/6
  1591 | D:2      | Reached XP level 4. HP: 15/27 MP: 0/7
  1799 | D:2      | Learned a level 3 spell: Confuse
  2046 | D:3      | Reached skill level 5 in Stealth
  2162 | D:3      | Noticed morbho's ghost (weakling MfSk)
  2311 | D:3      | Killed morbho's ghost
  2311 | D:3      | Reached XP level 5. HP: 17/31 MP: 1/9
  2977 | D:3      | Found a deep blue altar of Sif Muna.
  3013 | D:4      | Noticed a centaur
  3030 | D:4      | Killed a centaur
  3030 | D:4      | Reached skill level 5 in Hexes
  3030 | D:4      | Reached XP level 6. HP: 28/36 MP: 4/11
  3235 | D:4      | Reached skill level 6 in Stealth
  3267 | D:4      | Learned a level 3 spell: Dazzling Spray
  3332 | D:4      | Noticed Ijyb
  3381 | D:4      | Killed Ijyb
  3630 | D:4      | Gained mutation: You are partially covered in yellow scales. (AC +2) [potion of mutation]
  3630 | D:4      | Gained mutation: Your flesh is cold resistant. (rC+) [potion of mutation]
  3630 | D:4      | Gained mutation: Your spells are a little harder to cast, but a little more powerful. [potion of mutation]
  3669 | D:4      | Reached XP level 7. HP: 38/41 MP: 12/12
  3719 | D:4      | HP: 1/41 [orc wizard/dagger (3)]
  3722 | D:4      | Killed from afar by an orc wizard

Vault maps used:
D:1:      minmay_arrival_three_doors
D:2:      grunt_decor_fettered
D:3:      led_sif_pool
D:4:      first_bread, uniq_ijyb

Skill      XL: |  1  2  3  4  5  6 |
---------------+-------------------+-----
Hexes          | 4 5 |  5.8
Stealth        | 5 6 |  6.5
Spellcasting   | 3 |  3.8
Short Blades   | |  1.0
Dodging        | |  2.0

Action                   |  1- 3 |  4- 6 |  7- 9 || total
-------------------------+-------+-------+-------++-------
Melee: Dagger            |    44 |   104 |    18 ||   166
       Constrict         |    10 |    22 |     3 ||    35
       Tentacles         |     7 |    23 |     1 ||    31
       Short sword       |       |    36 |       ||    36
 Cast: Ensorcelled Hiber |    13 |    18 |       ||    31
       Confuse           |       |    14 |       ||    14
       Dazzling Spray    |       |     1 |       ||     1
  Use: Scroll            |       |     4 |       ||     4
       Potion            |       |     5 |     1 ||     6
 Stab: Sleeping          |    22 |    19 |     1 ||    42
       Confused          |       |     3 |       ||     3
  Eat: Chunk             |     3 |     8 |     1 ||    12
Armor: Skin              |     2 |    13 |     1 ||    16
Dodge: Dodged            |    26 |    74 |     5 ||   105
